 Dungeon Crawl Stone Soup version 0.26.1-11-gd32895ea62 (webtiles) character file.

Game seed: 1983254208128704927

283 eagelman13508 the Cudgeller (level 6, -5/61 HPs)
             Began as a Troll Berserker on June 13, 2021.
             Was a Believer of Trog.
             Killed from afar by an orc wizard (8 damage)
             ... with a puff of frost
             ... on level 4 of the Dungeon.
             The game lasted 00:07:49 (2172 turns).

eagelman13508 the Cudgeller (Troll Berserker)       Turns: 2172, Time: 00:07:50

Health: -5/61      AC:  6    Str: 28    XL:     6   Next: 7%
Magic:  5/5        EV: 10    Int:  3    God:    Trog [**....]
Gold:   214        SH:  0    Dex:  9    Spells: 5/5 levels left

rFire    . . .     SeeInvis .   a - +0 mace
rCold    . . .     Faith    .   (no shield)
rNeg     . . .     Spirit   .   b - +0 animal skin
rPois    .         Reflect  .   (helmet restricted)
rElec    .         Harm     .   (no cloak)
rCorr    .         Rampage  .   (gloves unavailable)
Will     .....                  (boots unavailable)
Stlth    +.........             (no amulet)
HPRegen  0.60/turn              (no ring)
MPRegen  0.09/turn              (no ring)

@: berserk cooldown, slowed, very slow
A: large, unfitting armour, claws 3, regeneration 1, shaggy fur 1, tough skin 3
a: Renounce Religion, Berserk, Trog's Hand


You were on level 4 of the Dungeon.
You worshipped Trog.
Trog was pleased with you.
You visited 1 branch of the dungeon, and saw 4 of its levels.

You collected 214 gold pieces.

Inventory:

Hand Weapons
 a - a +0 mace (weapon)
 p - a +0 hand axe of freezing
 w - a +0 morningstar
Missiles
 c - 163 stones
 s - 7 silver boomerangs
Armour
 b - a +0 animal skin (worn)
Scrolls
 e - 3 scrolls of teleportation {unknown}
 g - 3 scrolls of enchant weapon {unknown}
 j - a scroll of enchant armour {unknown}
 m - 2 scrolls of identify {unknown}
 n - 3 scrolls of magic mapping {unknown}
 o - 2 scrolls of fog {unknown}
 q - 3 scrolls of remove curse {unknown}
 r - a scroll of amnesia {unknown}
 v - a scroll of noise {unknown}
Potions
 d - 2 potions of might {unknown}
 f - a potion of ambrosia {unknown}
 h - a potion of lignification {unknown}
 i - 2 potions of haste {unknown}
 k - a potion of attraction {unknown}
 l - 2 potions of heal wounds {unknown}
 t - a potion of degeneration {unknown}
 u - 2 potions of curing {unknown}
 x - 2 potions of mutation {unknown}
 z - a potion of cancellation {unknown}


   Skills:
 + Level 3.1 Fighting
 + Level 5.4 Maces & Flails
 + Level 3.0 Dodging


You had 5 spell levels left.
You didn't know any spells.
Your spell library was empty.

Dungeon Overview and Level Annotations

Branches:
Dungeon (4/15)
 Temple: D:4-7

Altars:
Cheibriados
Hepliaklqana
Kikubaaqudgha
Nemelex Xobeh
Okawaru
Vehumet
Xom


Innate Abilities, Weirdness & Mutations

You are too large for most types of armour.
You have claws for hands.
Your natural rate of healing is unusually fast.
You are covered in fur. (AC +1)
You have extremely tough skin. (AC +3)


Message History

You thump the orc priest!
You kill the orc priest!
Trog accepts your kill. Something hits you but does no damage.
You have reached level 6!
Your experience leads to an increase in your attributes!
Increase (S)trength, (I)ntelligence, or (D)exterity?
You feel stronger. x2
You barely miss something. Something hits you.
* * * LOW HITPOINT WARNING * * *
You miss something. Something hits you but does no damage.
You miss something.
You are no longer berserk.
You are exhausted.
You feel yourself slow down. Something hits you but does no damage.
You closely miss something.
You hear some strange, mumbled words.
A puff of frost appears from out of thin air!
The puff of frost hits you!
You die...

.. . .# .. ##
.# ... #. .# ..
#. .# ####.#.
.####
......{###....#
..)...)@.<....#
......####....#
##### .[..#
....# ....#
....# #####


There were no monsters in sight!

Vanquished Creatures
  Sigmund (D:3)
  An orc priest (D:4)
  2 adders
  3 gnolls (D:4)
  An ooze (D:1)
  2 worms (D:3)
  3 dart slugs
  6 bats
  10 goblins
  5 hobgoblins (D:1)
  2 jackals (D:2)
  A frilled lizard (D:2)
  8 kobolds
  3 rats (D:1)
48 creatures vanquished.

Notes
Turn   | Place    | Note
-------+----------+-------------------------------------------
     0 | D:1      | eagelman13508 the Troll Berserker began the quest for the
                  | Orb.
     0 | D:1      | Reached XP level 1. HP: 22/22 MP: 0/0
   164 | D:1      | Reached XP level 2. HP: 29/29 MP: 1/1
   240 | D:1      | Reached skill level 3 in Maces & Flails
   448 | D:1      | Reached ** piety under Trog
   455 | D:1      | Reached XP level 3. HP: 36/36 MP: 2/2
  1019 | D:2      | Found a radiant altar of Vehumet.
  1258 | D:2      | Reached skill level 4 in Maces & Flails
  1275 | D:2      | Found an iron altar of Okawaru.
  1356 | D:2      | Found an ancient bone altar of Kikubaaqudgha.
  1356 | D:2      | Found a shimmering altar of Xom.
  1356 | D:2      | Found a sparkling altar of Nemelex Xobeh.
  1357 | D:2      | Found a snail-covered altar of Cheibriados.
  1596 | D:3      | Noticed Sigmund
  1603 | D:3      | Killed Sigmund
  1604 | D:3      | Reached skill level 5 in Maces & Flails
  1604 | D:3      | Reached XP level 4. HP: 40/45 MP: 3/3
  1604 | D:3      | Reached XP level 5. HP: 47/53 MP: 4/4
  2057 | D:3      | Found a hazy altar of Hepliaklqana.
  2169 | D:4      | Reached XP level 6. HP: 5/61 MP: 5/5
  2169 | D:4      | HP: 2/91 [something (3)]
  2172 | D:4      | Killed from afar by an orc wizard

Illustrated notes

Levels and vault maps discovered:
D:1:      nicolae_arrival_washed_ashore, layout_basic, chequers_garden
D:2:      layout_loops_ring, nicolae_overflow_hidden_temple,
          chequers_temple_overflow_statue_of_worship, okawaru_trees_1
D:3:      layout_rooms, lemuel_doored_altar, dk_noncrumbling_2, uniq_sigmund
D:4:      layout_basic, lemuel_crystal_altar

Skill      XL: |  1  2  3  4  5 |
---------------+----------------+-----
Maces & Flails | 3 5 |  5.4
Fighting       | 3 |  3.1
Dodging        | 3 |  3.0

Action                   |  1- 3 |  4- 6 || total
-------------------------+-------+-------++-------
Melee: Mace              |   118 |    45 ||   163
Invok: Berserk           |     1 |     1 ||     2
       Trog's Hand       |     1 |       ||     1
 Stab: Sleeping          |     1 |       ||     1
Armor: Animal skin       |    53 |    12 ||    65
Dodge: Dodged            |    91 |    19 ||   110
